Map: Lightshade LE

Players

Reynor - Winner!

  • Race: Zerg Zerg
  • League: Master

LiquidClem (Clem)

  • Race: Terran Terran
  • League: Grandmaster

Event: DreamHack SC2 Masters 2021 Summer

VOD

Have the link to the VOD?

Description

Time

  • Played on: June 5, 2021, 12:30 p.m.
  • Length: 15:13

All games in this series

Show
View Real Time Build Order
Export as new Build Order

Reynor Zerg - Winner!

Build Orders: Hatch First, Lurkers 

Get SALT Encoding   

  12  0:00  Drone  
  13  0:12  Overlord  
  13  0:17  Drone  
  14  0:30  Drone x2  
  16  0:48  Hatchery  
  15  0:50  Drone  
  15  0:54  Drone  
  17  0:57  Drone  
  18  1:08  Extractor  
  17  1:13  Spawning Pool  
  17  1:16  Drone  
  17  1:19  Drone  
  18  1:27  Drone  
  19  1:38  Drone  
  20  1:52  Overlord  
  20  2:00  Queen x2, Zergling x4  
  26  2:11  Drone x2  
  28  2:18  Metabolic Boost  
  28  2:21  Drone x2  
  30  2:25  Spore Crawler  
  29  2:31  Spore Crawler  
  29  2:39  Hatchery  
  29  2:42  Drone x2  
  31  2:48  Queen  
  32  2:54  Overlord  
  32  2:56  Drone  
  32  2:57  Drone  
  34  3:00  Drone  
  35  3:12  Queen  
  37  3:13  Drone x3  
  37  3:17  Overlord  
  37  3:19  Drone  
  41  3:21  Zergling x2  
  41  3:22  Zergling x2  
  43  3:31  Overlord  
  43  3:37  Drone x2  
  43  3:39  Queen  
  47  3:41  Overlord  
  47  3:43  Drone x2  
  47  3:45  Drone  
  47  3:47  Drone  
  51  3:52  Drone  
  51  3:55  Drone  
  51  3:56  Queen  
  51  3:57  Drone  
  51  3:58  Drone  
  51  3:59  Drone  
  57  4:05  Drone  
  57  4:06  Drone x2  
  57  4:09  Queen  
  60  4:16  Queen  
  64  4:17  Drone x2  
  64  4:18  Drone  
  64  4:23  Baneling Nest  
  66  4:25  Zergling x4  
  66  4:29  Overlord  
  66  4:31  Zergling x6  
  71  4:32  Drone  
  71  4:34  Drone x2  
  74  4:38  Extractor  
  74  4:42  Overlord  
  74  4:44  Drone  
  74  4:47  Overlord  
  74  4:49  Spore Crawler  
  74  4:50  Lair  
  73  4:53  Drone x2  
  73  4:57  Drone x5  
  73  4:58  Overlord  
  80  5:06  Zergling x8  
  84  5:09  Queen  
  84  5:11  Overlord  
  84  5:12  Drone  
  84  5:13  Drone x2  
  84  5:14  Drone  
  90  5:25  Drone x2  
  92  5:29  Zergling x6, Evolution Chamber  
  92  5:30  Evolution Chamber  
  92  5:31  Drone x2  
  92  5:32  Drone  
  92  5:34  Overlord  
  96  5:36  Hatchery  
  96  5:40  Drone x4  
  99  5:46  Drone  
  99  5:48  Drone  
  95  5:52  Drone x2  
  95  5:53  Extractor  
  95  5:54  Extractor  
  94  5:57  Centrifical Hooks, Zerg Ground Armor Level 1, Zerg Melee Weapons Level 1  
  94  6:02  Zergling x6  
  94  6:03  Zergling x6  
  100  6:07  Zergling x2  
  100  6:11  Zergling x2  
  102  6:14  Overlord  
  101  6:18  Zergling x4  
  101  6:19  Zergling x4  
  101  6:21  Drone  
  101  6:23  Drone  
  101  6:24  Drone x3  
  104  6:30  Drone x2  
  104  6:31  Drone  
  104  6:32  Zergling x2  
  108  6:35  Drone  
  108  6:36  Hatchery, Queen  
  108  6:38  Hatchery  
  109  6:41  Zergling x4  
  109  6:46  Zergling x2  
  112  6:53  Zergling x6  
  107  6:56  Zergling x2  
  107  6:57  Zergling x4  
  107  6:59  Drone  
  107  7:02  Zergling x4  
  107  7:06  Zergling x2  
  110  7:09  Baneling x4, Zergling x8  
  110  7:10  Baneling x5  
  110  7:11  Drone x2  
  116  7:16  Zergling x6  
  116  7:19  Zergling x2  
  116  7:21  Zergling x2  
  121  7:23  Drone x2  
  121  7:28  Spore Crawler  
  121  7:29  Spore Crawler, Overlord  
  121  7:31  Baneling x4  
  121  7:36  Zergling x2  
  121  7:37  Zergling x24  
  133  7:39  Overlord  
  133  7:42  Drone  
  130  7:47  Zergling x2  
  130  7:50  Queen  
  129  7:52  Zergling x2  
  129  7:53  Zergling x6  
  129  7:54  Zerg Ground Armor Level 2, Zerg Melee Weapons Level 2  
  129  7:56  Baneling x9  
  126  7:58  Overlord  
  126  8:03  Zergling x2  
  126  8:04  Zergling x12  
  128  8:05  Drone  
  128  8:06  Drone x3  
  128  8:07  Drone x2  
  128  8:11  Drone  
  135  8:13  Zergling x8  
  135  8:19  Zergling x2  
  139  8:20  Drone  
  139  8:21  Drone  
  139  8:25  Zergling x4  
  143  8:30  Baneling  
  143  8:31  Baneling x4, Zergling x6  
  143  8:32  Drone  
  143  8:33  Drone x3  
  150  8:35  Zergling x6  
  150  8:37  Zergling x2  
  150  8:39  Zergling x6  
  154  8:41  Zergling x2  
  154  8:43  Drone  
  154  8:44  Infestation Pit  
  154  8:45  Extractor, Zergling x4  
  154  8:47  Zergling x2  
  157  8:49  Baneling x8  
  157  8:50  Drone x2  
  157  8:52  Spore Crawler x2  
  157  8:53  Zergling x4  
  157  8:56  Zergling x2  
  157  8:57  Zergling x6  
  148  9:02  Baneling  
  148  9:03  Baneling x6, Overseer  
  134  9:10  Zergling x20  
  134  9:13  Zergling x2  
  134  9:15  Baneling x2  
  138  9:21  Zergling x8  
  138  9:24  Drone  
  141  9:26  Hive  
  141  9:27  Zergling x4  
  141  9:28  Extractor  
  141  9:29  Zergling x8  
  145  9:32  Drone x4  
  145  9:34  Zergling x2  
  145  9:35  Queen  
  145  9:37  Zergling x2  
  151  9:41  Drone  
  151  9:43  Drone  
  151  9:44  Drone, Hydralisk Den  
  151  9:45  Drone x2, Extractor  
  154  9:46  Extractor, Pneumatized Carapace  
  154  9:48  Baneling x5, Overseer  
  154  9:49  Zergling x4  
  154  9:50  Zergling x10  
  160  9:53  Zergling x4  
  160  9:57  Zergling x6  
  140  10:01  Zergling x10  
  140  10:03  Zergling x2  
  140  10:05  Zergling x2  
  143  10:09  Zergling x6  
  143  10:13  Drone x2  
  148  10:15  Baneling x2  
  148  10:16  Baneling x5  
  148  10:19  Drone x5  
  148  10:20  Overlord  
  137  10:23  Zergling x2  
  137  10:24  Zergling x8  
  137  10:27  Zerg Missile Weapons Level 1  
  142  10:28  Overlord  
  142  10:29  Drone x4  
  142  10:30  Lurker Den  
  141  10:36  Drone x2  
  141  10:37  Drone  
  141  10:39  Zergling x2  
  141  10:40  Zergling x10  
  150  10:43  Drone x2  
  150  10:45  Baneling x6  
  150  10:46  Zergling x6  
  150  10:47  Zergling x6  
  150  10:49  Overlord  
  158  10:50  Zergling x6  
  158  10:55  Drone x2  
  157  11:00  Drone  
  157  11:01  Drone  
  159  11:04  Zerg Ground Armor Level 3  
  159  11:08  Zergling x2  
  159  11:09  Zergling x16  
  161  11:12  Overlord  
  159  11:19  Baneling x5  
  159  11:23  Hydralisk x4  
  159  11:24  Zergling x18  
  175  11:29  Overlord  
  175  11:30  Hydralisk, Zergling x4  
  175  11:32  Hydralisk  
  173  11:37  Seismic Spines  
  173  11:39  Drone x3  
  184  11:40  Drone x9  
  184  11:42  Extractor  
  184  11:43  Hydralisk  
  184  11:44  Extractor, Zergling x6  
  188  11:50  Overlord  
  188  11:53  Zergling x8  
  190  11:58  Baneling x3, Lurker  
  190  11:59  Lurker x3  
  190  12:00  Zergling x10  
  194  12:05  Overlord  
  194  12:06  Zergling x2  
  194  12:12  Lurker  
  194  12:14  Zergling x20  
  194  12:15  Baneling x9  
  199  12:16  Baneling x2  
  199  12:22  Overlord  
  197  12:25  Overlord  
  197  12:27  Zergling x8  
  194  12:31  Overseer x2  
  194  12:34  Hydralisk  
  194  12:35  Zergling x8  
  198  12:42  Hydralisk  
  198  12:43  Zergling x6  
  199  12:48  Zergling x6  
  194  12:51  Hydralisk  
  194  12:52  Zergling x8  
  194  12:56  Zergling x12  
  193  12:58  Hydralisk  
  193  12:59  Zergling x4  
  193  13:03  Hydralisk  
  193  13:04  Zergling x6  
  187  13:18  Zergling x18  
  186  13:21  Hydralisk, Zergling x2  
  186  13:22  Hatchery, Zergling x4  
  186  13:26  Zergling x2  
  186  13:27  Lurker  
  186  13:28  Lurker x2  
  189  13:35  Adaptive Talons  
  189  13:41  Baneling x6, Hydralisk x3  
  186  13:42  Zergling x12  
  186  13:48  Overlord  
  198  13:55  Lurker x2  
  199  14:09  Hydralisk  
  183  14:10  Zergling x26  
  183  14:11  Zergling x6  
  183  14:12  Baneling x9  
  183  14:16  Zergling x12  
  187  14:26  Hydralisk x3  
  187  14:27  Zergling x12  
  187  14:28  Zergling x10  
  198  14:34  Lurker  
  198  14:42  Baneling x2  
  198  14:43  Drone x4, Baneling x3  
  198  14:44  Drone  
  194  14:46  Baneling  
  194  14:47  Baneling x7  
  194  14:48  Zergling x10  
Show
View Real Time Build Order
Export as new Build Order

LiquidClem Terran 

Build Orders: Reaper Expand 

Get SALT Encoding   

  12  0:00  SCV  
  13  0:12  SCV  
  14  0:17  Supply Depot  
  14  0:24  SCV  
  15  0:38  SCV  
  15  0:40  Barracks  
  16  0:43  Refinery  
  16  0:50  SCV  
  17  1:03  SCV  
  18  1:15  SCV  
  19  1:27  Reaper, Orbital Command  
  20  1:39  Command Center  
  20  1:47  Supply Depot  
  20  1:52  SCV  
  21  1:58  Marine  
  22  2:04  SCV  
  23  2:10  Factory  
  23  2:16  SCV  
  23  2:20  Barracks Reactor  
  24  2:28  SCV  
  25  2:40  Command Center  
  25  2:41  SCV  
  25  2:51  Orbital Command  
  26  2:53  SCV  
  27  2:59  Starport  
  27  3:03  Refinery  
  27  3:06  SCV  
  27  3:11  Hellion  
  30  3:16  Hellion  
  30  3:18  SCV  
  30  3:19  SCV  
  34  3:22  Barracks Tech Lab  
  34  3:30  SCV  
  34  3:31  SCV  
  36  3:35  Hellion  
  36  3:37  Hellion  
  40  3:42  SCV  
  41  3:49  SCV  
  41  3:54  Raven  
  41  3:55  Orbital Command  
  43  3:56  SCV  
  43  4:01  Hellion  
  43  4:02  Hellion  
  48  4:03  Supply Depot  
  48  4:04  Barracks Tech Lab  
  48  4:05  SCV  
  48  4:08  SCV  
  50  4:17  SCV  
  50  4:20  SCV  
  50  4:21  SCV  
  50  4:23  Stimpack  
  53  4:25  Hellion x2  
  53  4:26  Marine  
  53  4:27  Supply Depot  
  53  4:31  SCV, Supply Depot  
  59  4:33  SCV  
  59  4:34  SCV  
  59  4:37  Barracks  
  61  4:43  SCV  
  61  4:44  Refinery  
  62  4:45  Barracks  
  62  4:47  SCV  
  62  4:49  SCV  
  62  4:50  Starport Reactor, Marine  
  62  4:52  Hellion  
  67  4:55  Hellion  
  67  4:58  SCV  
  70  5:00  SCV  
  70  5:02  Orbital Command  
  71  5:08  Engineering Bay x2, Marine  
  71  5:12  SCV  
  71  5:13  SCV  
  74  5:16  Refinery  
  74  5:17  Supply Depot  
  74  5:25  SCV, Marine  
  77  5:28  SCV  
  77  5:31  Factory Reactor  
  77  5:35  Starport Reactor  
  77  5:37  Barracks x2  
  73  5:43  Marine  
  73  5:45  Marine x2  
  73  5:46  SCV x2  
  73  5:49  Marine  
  74  5:52  SCV  
  74  5:54  Marine  
  76  5:59  Terran Infantry Armor Level 1, Terran Infantry Weapons Level 1  
  76  6:00  SCV  
  76  6:01  SCV, Marine  
  76  6:03  Marine  
  78  6:04  SCV  
  78  6:05  Marine, Supply Depot  
  78  6:06  Combat Shield  
  78  6:08  Widow Mine x2  
  78  6:09  Marine  
  85  6:12  SCV  
  85  6:13  Marine  
  85  6:17  SCV  
  88  6:20  Marine  
  88  6:22  Marine  
  88  6:25  SCV  
  84  6:27  Marine x2  
  84  6:28  Barracks Reactor x2  
  84  6:29  Medivac x2  
  84  6:31  SCV  
  91  6:33  SCV  
  91  6:36  Widow Mine  
  91  6:37  Widow Mine  
  96  6:41  Marine x2  
  96  6:42  SCV  
  96  6:44  Marine  
  96  6:45  SCV  
  101  6:51  SCV, Marine  
  101  7:00  SCV x2  
  101  7:02  Factory  
  101  7:13  Supply Depot  
  101  7:15  Marine x6, Medivac  
  109  7:18  Supply Depot  
  109  7:24  SCV x2, Armory, Marine x2  
  109  7:25  Widow Mine x2  
  109  7:28  Refinery  
  109  7:29  Supply Depot  
  117  7:34  Marine x7  
  117  7:35  SCV  
  125  7:38  SCV  
  125  7:39  SCV  
  125  7:40  Medivac  
  125  7:42  Marine x2  
  127  7:46  Widow Mine x2  
  127  7:47  SCV  
  127  7:49  Widow Mine  
  127  7:50  SCV  
  133  7:52  Marine x5  
  133  7:53  Marine  
  133  7:56  Medivac  
  141  8:02  Marine x2, Supply Depot  
  141  8:05  SCV x2, Supply Depot  
  139  8:07  Widow Mine  
  141  8:18  Supply Depot  
  141  8:20  Widow Mine x2, SCV x3, Marine  
  141  8:24  Command Center  
  149  8:30  Refinery  
  149  8:31  Marine  
  149  8:32  SCV, Marauder  
  153  8:34  Widow Mine, Marine  
  153  8:35  Marine  
  153  8:36  SCV  
  153  8:37  Marine  
  157  8:43  Widow Mine  
  157  8:47  Widow Mine, Supply Depot  
  157  8:48  Terran Infantry Weapons Level 2  
  161  8:51  Terran Infantry Armor Level 2  
  161  8:54  Marine  
  162  8:56  Widow Mine  
  162  8:59  Marine  
  162  9:01  Medivac  
  161  9:04  Widow Mine  
  161  9:08  Widow Mine  
  147  9:11  Medivac  
  147  9:14  Marine  
  147  9:15  Marine x2  
  139  9:17  Widow Mine, Marine x2  
  139  9:18  Marauder  
  139  9:22  Marine  
  140  9:26  Widow Mine  
  140  9:29  Widow Mine  
  140  9:31  Medivac  
  144  9:32  Sensor Tower  
  144  9:34  Marine x2  
  144  9:36  Marine x2  
  149  9:38  Widow Mine, Marine x2  
  149  9:40  Marine  
  154  9:47  Widow Mine, Medivac  
  154  9:51  Widow Mine, Marine x2  
  162  9:56  Marine  
  146  10:00  Widow Mine  
  146  10:02  Marine  
  143  10:07  SCV  
  143  10:08  Barracks  
  143  10:09  SCV  
  143  10:10  Barracks, Marauder  
  143  10:12  Barracks  
  145  10:16  Widow Mine x2, Marine  
  145  10:20  Drilling Claws  
  148  10:24  Marine x2  
  148  10:26  Marine  
  149  10:28  Widow Mine  
  149  10:31  Marauder  
  133  10:39  Widow Mine, Marine x2  
  133  10:41  Planetary Fortress  
  131  10:45  SCV x3  
  131  10:46  Widow Mine, Marine x3  
  131  10:47  Marine x3  
  140  10:52  Marauder  
  140  10:54  Widow Mine  
  140  10:56  Marine  
  140  10:57  SCV, Marine x2, Barracks Tech Lab  
  140  10:59  SCV  
  140  11:00  Barracks Tech Lab, Terran Vehicle And Ship Armor Level 1  
  140  11:03  Widow Mine  
  141  11:04  Liberator, Marine  
  141  11:09  Widow Mine  
  141  11:10  Marine x5  
  149  11:14  Marauder, Marine  
  149  11:15  Terran Infantry Weapons Level 3  
  152  11:18  Concussive Shells  
  152  11:20  Marauder  
  152  11:23  Terran Infantry Armor Level 3  
  154  11:27  Medivac  
  154  11:28  Widow Mine  
  154  11:30  Marine  
  154  11:31  Marine x4  
  156  11:36  Widow Mine  
  156  11:39  Widow Mine  
  159  11:40  Marine  
  159  11:41  Marauder  
  159  11:42  Marine  
  159  11:43  Marauder, Command Center  
  159  11:46  SCV x2  
  167  11:50  Widow Mine  
  167  11:53  Marauder  
  161  11:56  Medivac  
  161  11:57  Widow Mine  
  161  11:58  Marine  
  159  12:01  Marine x2  
  159  12:02  Widow Mine, Marauder  
  159  12:04  Marauder, Medivac  
  165  12:09  Marine x3  
  165  12:11  Widow Mine, Ghost Academy  
  165  12:13  Marine x2  
  165  12:14  Marauder  
  172  12:17  Refinery x2, Marine x2  
  172  12:19  Marine  
  175  12:23  Widow Mine, Marauder  
  175  12:26  Marauder  
  175  12:31  Widow Mine  
  175  12:36  Marauder  
  179  12:37  Widow Mine, Medivac  
  179  12:41  Marine  
  184  12:45  Marauder  
  184  12:47  Marauder  
  184  12:48  Marine  
  184  12:51  Widow Mine  
  171  12:54  Marine  
  162  12:59  Widow Mine, Marine  
  162  13:00  Orbital Command  
  162  13:01  Medivac  
  162  13:02  Marine x5  
  161  13:06  Marauder, Marine  
  161  13:07  Widow Mine  
  161  13:12  Hellion, Marine  
  165  13:17  Marine  
  160  13:20  Medivac  
  160  13:21  Widow Mine  
  160  13:23  Planetary Fortress  
  161  13:28  Marauder  
  161  13:29  Barracks  
  161  13:30  Barracks x2  
  161  13:32  SCV x2  
  165  13:35  SCV  
  165  13:40  Liberator  
  165  13:41  Marine  
  164  13:45  Marine x3  
  165  13:48  Missile Turret  
  165  13:49  Marauder  
  165  13:50  Liberator  
  168  13:56  Marine  
  168  13:59  Widow Mine  
  167  14:04  Widow Mine  
  167  14:07  Marine x3  
  167  14:08  SCV  
  167  14:09  SCV, Marine  
  163  14:10  SCV x2, Marauder  
  167  14:19  Widow Mine  
  167  14:23  Medivac  
  150  14:25  Marine x2  
  150  14:29  Barracks Tech Lab x2, Orbital Command  
  151  14:32  Marauder  
  151  14:33  Medivac  
  151  14:35  Barracks Tech Lab  
  154  14:43  Marine  
  153  14:50  Command Center  
  153  14:51  Marauder, Marine  
  153  14:52  Missile Turret  
Tags
 
Add a new tag
Caveats
  • Supply blocks, unpowered buildings, or Contaminate may cause inaccurate times.
  • Supply counts are checked every 10 seconds.